PAAA
MILTON DOGFISH HEAD @ SUNSET DISTRICT FOG
09/02/2026
 
TOP OF THE 1ST
Milton Dogfish Head batting - Pitching for Sunset District Fog : RHP Rich Wright
Pitching: RHP Rich Wright
Batting: LHB Floyd Long 0-0: Called Strike
0-1: Ball
1-1: Foul Ball, location: 2F
1-2: Ball
2-2: SOLO HOME RUN (Flyball, 8RXD), Distance : 453 ft
Batting: LHB Jack Sutherland 0-0: Called Strike
0-1: Ball
1-1: Fly out, F8 (Flyball, 8LD)
Batting: LHB Víctor Robledo 0-0: Foul Ball, location: 2F
0-1: Ground out U3 (Groundball, 34)
Batting: SHB Jorge González 0-0: Called Strike
0-1: Ball
1-1: Ball
2-1: Ball
3-1: Base on Balls
Batting: RHB Moisés Quintana 0-0: Foul Ball, location: 2F
0-1: Ball
1-1: Foul Ball, location: 2F
1-2: Ball
2-2: Ball
3-2: Fly out, F9 (Line Drive, 89M)
Top of the 1st over - 1 run(s), 1 hit(s), 0 error(s), 1 left on base; Milton 1 - Sunset District 0
BOTTOM OF THE 1ST
Sunset District Fog batting - Pitching for Milton Dogfish Head : RHP Robinson Suárez
Pitching: RHP Robinson Suárez
Batting: RHB Mariano Sánchez 0-0: Ball
1-0: Ball
2-0: Called Strike
2-1: Foul Ball, location: 2F
2-2: Foul Ball, location: 2F
2-2: Foul Ball, location: 2F
2-2: Fly out, F8 (Flyball, 8LS)
Batting: LHB Bryce Reilly 0-0: Foul Ball, location: 2F
0-1: Ball
1-1: Called Strike
1-2: Ground out 5-3 (Groundball, 56S)
Batting: LHB David Holbrook 0-0: Ball
1-0: Foul Ball, location: 2F
1-1: Ball
2-1: Ground out 6-3 (Groundball, 6D)
Bottom of the 1st over - 0 run(s), 0 hit(s), 0 error(s), 0 left on base; Milton 1 - Sunset District 0
TOP OF THE 2ND
Milton Dogfish Head batting - Pitching for Sunset District Fog : RHP Rich Wright
Batting: RHB Luis Alomar 0-0: Ball
1-0: Ball
2-0: Called Strike
2-1: Ball
3-1: Foul Ball, location: 2F
3-2: Base on Balls
Batting: LHB Luis Vicenteno 0-0: Called Strike
0-1: Ball
1-1: Ball
2-1: Foul Ball, location: 2F
2-2: Foul Ball, location: 2F
2-2: Fly out, F8 (Flyball, 8RS)
Batting: RHB Víctor López 0-0: Ball
1-0: Ball
2-0: Ground out 5-3 (Groundball, 5S)
Luis Alomar to second
Batting: RHB Lorenzo Rosas 0-0: Called Strike
0-1: Foul Ball, location: 2F
0-2: Ball
1-2: Foul Ball, location: 2F
1-2: Ball
2-2: Foul Ball, location: 2F
2-2: Ground out 5-3 (Groundball, 56)
Top of the 2nd over - 0 run(s), 0 hit(s), 0 error(s), 1 left on base; Milton 1 - Sunset District 0
BOTTOM OF THE 2ND
Sunset District Fog batting - Pitching for Milton Dogfish Head : RHP Robinson Suárez
Batting: LHB Ron Frazier 0-0: Foul Ball, location: 2F
0-1: Ball
1-1: Ball
2-1: Swinging Strike
2-2: Ball
3-2: Foul Ball, location: 2F
3-2: Foul Ball, location: 2F
3-2: Foul Ball, location: 2F
3-2: Foul Ball, location: 2F
3-2: Foul Ball, location: 2F
3-2: Base on Balls
Batting: LHB Pedro Tapia 0-0: Called Strike
0-1: Foul Ball, location: 2F
0-2: Ball
1-2: Foul Ball, location: 2F
1-2: Foul Ball, location: 2F
1-2: Strikes out swinging
Batting: RHB José Vargas 0-0: Ball
1-0: Fly out, F7 (Flyball, 7S)
Batting: RHB Simon Yusaf Khel 0-0: Ball
1-0: Ball
2-0: SINGLE (Groundball, 4MD)
Ron Frazier to second
Batting: SHB Esteban Lugo 0-0: Foul Ball, location: 2F
0-1: Swinging Strike
0-2: Ball
1-2: Ball
2-2: Ground out 3-1 (Groundball, 34)
Bottom of the 2nd over - 0 run(s), 1 hit(s), 0 error(s), 2 left on base; Milton 1 - Sunset District 0
TOP OF THE 3RD
Milton Dogfish Head batting - Pitching for Sunset District Fog : RHP Rich Wright
Batting: LHB Floyd Long 0-0: Swinging Strike
0-1: Foul Ball, location: 2F
0-2: Ball
1-2: Strikes out swinging
Batting: LHB Jack Sutherland 0-0: Called Strike
0-1: Ball
1-1: SINGLE (Groundball, 6MD)
Batting: LHB Víctor Robledo 0-0: Ball
Wild Pitch!
Jack Sutherland to second
1-0: Fly out, F7 (Flyball, 7LSF)
Batting: SHB Jorge González 0-0: Called Strike
0-1: SINGLE (Groundball, 56D)
Jack Sutherland to third
Runner from 3rd tries for Home, SAFE, no throw
Batting: RHB Moisés Quintana 0-0: Ball
1-0: Called Strike
1-1: Foul Ball, location: 2F
1-2: Foul Ball, location: 2F
1-2: DOUBLE (Flyball, 8LD)
Jorge González to third
Runner from 3rd tries for Home, SAFE, throw made home
Batting: RHB Luis Alomar 0-0: Ball
1-0: Ball
2-0: Ball
3-0: Called Strike
3-1: Called Strike
3-2: Base on Balls
Batting: LHB Luis Vicenteno 0-0: Foul Ball, location: 2F
0-1: Ball
1-1: Ground out U3 (Groundball, 34)
Top of the 3rd over - 2 run(s), 3 hit(s), 0 error(s), 2 left on base; Milton 3 - Sunset District 0
BOTTOM OF THE 3RD
Sunset District Fog batting - Pitching for Milton Dogfish Head : RHP Robinson Suárez
Batting: RHB Vicente Rodríguez 0-0: Fly out, F7 (Line Drive, 7LM)
Batting: RHB Mariano Sánchez 0-0: Ball
1-0: Called Strike
1-1: Foul Ball, location: 2F
1-2: Ground out 5-3 (Groundball, 56)
Batting: LHB Bryce Reilly 0-0: Ball
1-0: Ball
2-0: Called Strike
2-1: Called Strike
2-2: Ball
3-2: Base on Balls
Batting: LHB David Holbrook 0-0: SINGLE (Groundball, 4MD)
Bryce Reilly to second
Runner from 2nd tries for 3rd, SAFE, no throw
Batting: LHB Ron Frazier 0-0: Called Strike
0-1: Ball
1-1: Called Strike
1-2: SINGLE (Groundball, 34D)
Bryce Reilly scores
David Holbrook to second
Runner from 2nd tries for 3rd, SAFE, no throw
Batting: LHB Pedro Tapia 0-0: SINGLE (Groundball, 56D)
David Holbrook scores
Ron Frazier to second
Batting: RHB José Vargas 0-0: Fly out, F9 (Flyball, 9)
Bottom of the 3rd over - 2 run(s), 3 hit(s), 0 error(s), 2 left on base; Milton 3 - Sunset District 2
TOP OF THE 4TH
Milton Dogfish Head batting - Pitching for Sunset District Fog : RHP Rich Wright
Batting: RHB Víctor López 0-0: Ball
1-0: Called Strike
1-1: Ground out 6-3 (Groundball, 6)
Batting: RHB Lorenzo Rosas 0-0: Ball
1-0: Ground out 6-3 (Groundball, 6)
Batting: LHB Floyd Long 0-0: Called Strike
0-1: Foul Ball, location: 2F
0-2: Ball
1-2: Ball
2-2: Ball
3-2: Strikes out swinging
Top of the 4th over - 0 run(s), 0 hit(s), 0 error(s), 0 left on base; Milton 3 - Sunset District 2
BOTTOM OF THE 4TH
Sunset District Fog batting - Pitching for Milton Dogfish Head : RHP Robinson Suárez
Batting: RHB Simon Yusaf Khel Error on foul ball, E2
0-1: Ball
1-1: Called Strike
1-2: Strikes out looking
Batting: SHB Esteban Lugo 0-0: Swinging Strike
0-1: Ball
1-1: Foul Ball, location: 2F
1-2: Ball
2-2: Ball
3-2: Foul Ball, location: 2F
3-2: Foul Ball, location: 2F
3-2: Ground out 4-3 (Groundball, 4)
Batting: RHB Vicente Rodríguez 0-0: Called Strike
0-1: Foul Ball, location: 2F
0-2: Foul Ball, location: 2F
0-2: Fly out, F8 (Flyball, 8RM)
Bottom of the 4th over - 0 run(s), 0 hit(s), 1 error(s), 0 left on base; Milton 3 - Sunset District 2
TOP OF THE 5TH
Milton Dogfish Head batting - Pitching for Sunset District Fog : RHP Rich Wright
Batting: LHB Jack Sutherland 0-0: SINGLE (Line Drive, 7S)
Batting: LHB Víctor Robledo 0-0: Ball
1-0: Ball
2-0: Swinging Strike
2-1: SINGLE (Flyball, 78S)
Jack Sutherland to second
Batting: SHB Jorge González 0-0: Called Strike
0-1: Ball
1-1: SINGLE (Line Drive, 8RS)
Jack Sutherland to third
Víctor Robledo to second
Runner from 3rd tries for Home, SAFE, no throw
Batting: RHB Moisés Quintana 0-0: Ball
1-0: Ball
2-0: Called Strike
2-1: Called Strike
2-2: Strikes out looking
Batting: RHB Luis Alomar 0-0: Called Strike
0-1: Ball
1-1: Ball
2-1: Ball
3-1: Foul Ball, location: 2F
3-2: Foul Ball, location: 2F
3-2: Base on Balls
Víctor Robledo to third
Jorge González to second
Batting: LHB Luis Vicenteno 0-0: Ball
1-0: Foul Ball, location: 2F
1-1: Ground out U3 (Groundball, 23)
Víctor Robledo scores
Jorge González to third
Luis Alomar to second
Pitching: RHP Carlos Martínez
Batting: RHB Víctor López 0-0: Called Strike
0-1: Ground out 6-3 (Groundball, 6)
Top of the 5th over - 2 run(s), 3 hit(s), 0 error(s), 2 left on base; Milton 5 - Sunset District 2
BOTTOM OF THE 5TH
Sunset District Fog batting - Pitching for Milton Dogfish Head : RHP Robinson Suárez
Batting: RHB Mariano Sánchez 0-0: Called Strike
0-1: Ground out 5-3 (Groundball, 56)
Batting: LHB Bryce Reilly 0-0: Called Strike
0-1: Ball
1-1: Ball
2-1: Foul Ball, location: 2F
2-2: Foul Ball, location: 2F
2-2: Ground out 3-1 (Groundball, 34)
Batting: LHB David Holbrook 0-0: Swinging Strike
0-1: Called Strike
0-2: Foul Ball, location: 2F
0-2: Ball
1-2: Ground out U3 (Groundball, 34)
Bottom of the 5th over - 0 run(s), 0 hit(s), 0 error(s), 0 left on base; Milton 5 - Sunset District 2
TOP OF THE 6TH
Milton Dogfish Head batting - Pitching for Sunset District Fog : RHP Carlos Martínez
Batting: RHB Lorenzo Rosas 0-0: Ball
1-0: Ball
2-0: Ball
3-0: Called Strike
3-1: Base on Balls
Batting: LHB Floyd Long 0-0: Sac Bunt - play at first, batter OUT! 1-3
Lorenzo Rosas to second
Batting: LHB Jack Sutherland 0-0: Called Strike
0-1: Fly out, F7 (Flyball, 7)
Batting: LHB Víctor Robledo 0-0: Called Strike
0-1: Swinging Strike
0-2: Ball
1-2: Strikes out looking
Top of the 6th over - 0 run(s), 0 hit(s), 0 error(s), 1 left on base; Milton 5 - Sunset District 2
BOTTOM OF THE 6TH
Sunset District Fog batting - Pitching for Milton Dogfish Head : RHP Robinson Suárez
Batting: LHB Ron Frazier 0-0: Called Strike
0-1: Called Strike
0-2: Strikes out swinging
Batting: LHB Pedro Tapia 0-0: Ball
1-0: Called Strike
1-1: Foul Ball, location: 2F
1-2: Reached on error, E1 (Groundball, 13S)
Batting: RHB José Vargas 0-0: Swinging Strike
0-1: Foul Ball, location: 2F
0-2: Ball
1-2: Strikes out swinging
Pitching: RHP Edgardo Nava
Batting: RHB Simon Yusaf Khel 0-0: Called Strike
0-1: Foul Ball, location: 2F
0-2: Foul Ball, location: 2F
0-2: Ball
1-2: Ball
2-2: Ground out 5-3 (Groundball, 56)
Bottom of the 6th over - 0 run(s), 0 hit(s), 1 error(s), 1 left on base; Milton 5 - Sunset District 2
TOP OF THE 7TH
Milton Dogfish Head batting - Pitching for Sunset District Fog : RHP Carlos Martínez
Batting: SHB Jorge González 0-0: Ball
1-0: Ball
2-0: Called Strike
2-1: Ball
3-1: Called Strike
3-2: Base on Balls
Batting: RHB Moisés Quintana 0-0: Called Strike
0-1: Ball
1-1: Ball
2-1: Swinging Strike
2-2: Strikes out swinging
Batting: RHB Luis Alomar 0-0: Ball
1-0: Called Strike
1-1: Ball
2-1: Called Strike
2-2: Strikes out swinging
Batting: LHB Luis Vicenteno 0-0: Ball
1-0: Ball
2-0: Ball
3-0: Called Strike
3-1: Foul Ball, location: 2F
3-2: Ground out 4-3 (Groundball, 34)
Top of the 7th over - 0 run(s), 0 hit(s), 0 error(s), 1 left on base; Milton 5 - Sunset District 2
BOTTOM OF THE 7TH
Sunset District Fog batting - Pitching for Milton Dogfish Head : RHP Edgardo Nava
Batting: SHB Esteban Lugo 0-0: Called Strike
0-1: Ball
1-1: Swinging Strike
1-2: Strikes out looking
Batting: RHB Vicente Rodríguez 0-0: SINGLE (Line Drive, 8RS)
Batting: RHB Mariano Sánchez 0-0: Called Strike
0-1: Swinging Strike
0-2: Ball
1-2: Ball
2-2: Ball
3-2: Base on Balls
Vicente Rodríguez to second
Batting: LHB Bryce Reilly 0-0: Ball
1-0: SINGLE (Groundball, 6D)
Vicente Rodríguez to third
Mariano Sánchez to second
Runner from 3rd tries for Home, throw and OUT!
Mariano Sánchez to third
Bryce Reilly to second
Batting: LHB David Holbrook 0-0: Ground out 4-3 (Groundball, 4)
Bottom of the 7th over - 0 run(s), 2 hit(s), 0 error(s), 2 left on base; Milton 5 - Sunset District 2
TOP OF THE 8TH
Milton Dogfish Head batting - Pitching for Sunset District Fog : RHP Carlos Martínez
Batting: RHB Víctor López 0-0: SINGLE (Line Drive, 78M)
Batting: RHB Lorenzo Rosas 0-0: Sac Bunt - play at first, batter OUT! 1-3
Víctor López to second
Batting: LHB Floyd Long 0-0: Ball
1-0: Foul Ball, location: 2F
1-1: Ball
2-1: Foul Ball, location: 2F
2-2: Ball
3-2: Base on Balls
Batting: LHB Jack Sutherland 0-0: Called Strike
0-1: Swinging Strike
0-2: Strikes out swinging
Batting: LHB Víctor Robledo 0-0: Ball
1-0: Swinging Strike
1-1: Foul Ball, location: 2F
1-2: Ball
2-2: Foul Ball, location: 2F
2-2: DOUBLE (Line Drive, 78D)
Víctor López scores
Floyd Long to third
Batting: SHB Jorge González 0-0: Ball
1-0: Fly out, F9 (Flyball, 9LSF)
Top of the 8th over - 1 run(s), 2 hit(s), 0 error(s), 2 left on base; Milton 6 - Sunset District 2
BOTTOM OF THE 8TH
Sunset District Fog batting - Pitching for Milton Dogfish Head : RHP Edgardo Nava
Batting: LHB Ron Frazier 0-0: Foul Ball, location: 2F
0-1: SINGLE (Flyball, 78S)
Batting: LHB Pedro Tapia 0-0: Fly out, F9 (Flyball, 9LMF)
Batting: RHB José Vargas 0-0: Ball
1-0: SINGLE (Groundball, 6D)
Ron Frazier to second
Batting: RHB Simon Yusaf Khel 0-0: Called Strike
0-1: Foul Ball, location: 2F
0-2: Strikes out swinging
Pitching: LHP Royce Bradshaw
Batting: SHB Esteban Lugo 0-0: Swinging Strike
0-1: Foul Ball, location: 2F
0-2: Strikes out swinging
Bottom of the 8th over - 0 run(s), 2 hit(s), 0 error(s), 2 left on base; Milton 6 - Sunset District 2
TOP OF THE 9TH
Milton Dogfish Head batting - Pitching for Sunset District Fog : RHP Carlos Martínez
Pitching: RHP Seb Alport
Batting: RHB Moisés Quintana 0-0: Fly out, F5 (Line Drive, 5L)
Batting: RHB Luis Alomar 0-0: Ground out 5-3 (Groundball, 5)
Batting: LHB Luis Vicenteno 0-0: Ball
1-0: Ball
2-0: Ball
3-0: Called Strike
3-1: Ground out 4-3 (Groundball, 34)
Top of the 9th over - 0 run(s), 0 hit(s), 0 error(s), 0 left on base; Milton 6 - Sunset District 2
BOTTOM OF THE 9TH
Sunset District Fog batting - Pitching for Milton Dogfish Head : LHP Royce Bradshaw
Pitching: LHP Jim Unknown
Batting: RHB Vicente Rodríguez 0-0: Foul Ball, location: 2F
0-1: Ball
1-1: Ground out 6-3 (Groundball, 6)
Batting: RHB Mariano Sánchez 0-0: Called Strike
0-1: Called Strike
0-2: Ball
1-2: Ball
2-2: Foul Ball, location: 2F
2-2: Ball
3-2: Ground out 5-3 (Groundball, 5)
Batting: LHB Bryce Reilly 0-0: Called Strike
0-1: Ball
1-1: Called Strike
1-2: Foul Ball, location: 2F
1-2: SINGLE (Flyball, 8LS)
Batting: LHB David Holbrook 0-0: Called Strike
0-1: Swinging Strike
0-2: Ball
1-2: Fielders Choice at 2nd, 4-6 (Groundball, 4)
Bottom of the 9th over - 0 run(s), 1 hit(s), 0 error(s), 0 left on base; Milton 6 - Sunset District 2
Monday, March 20th, 2017 - OOTP Baseball 17.12 Build 75